 Dungeon Crawl Stone Soup version 0.31-a0-844-gdc52ec4e09 (webtiles) character file.

Game seed: 2817089327507260799

228635 gruber the Deadly Accurate (level 19, -2/149 HPs)
             Began as a Gnoll Ice Elementalist on Sept 20, 2023.
             Was an Elder of Okawaru.
             Killed from afar by a will-o-the-wisp (27 damage)
             ... with a foxfire
             ... on level 4 of the Swamp on Sept 28, 2023.
             The game lasted 01:07:52 (34143 turns).

gruber the Deadly Accurate (GnIE)                  Turns: 34143, Time: 01:07:52

Health: -2/149     AC: 18    Str: 20    XL:     19   Next: 42%
Magic:  37/37      EV: 32    Int: 20    God:    Okawaru [****..]
Gold:   1511       SH:  0    Dex: 22    Spells: 30/46 levels left

rFire   . . .        D - +10 hand axe of the Gloaming {pain, Fly Dex+2 SInv Stlth-}
rCold   + . .        (no shield)
rNeg    . . .        p - +1 leather armour of Good Intentions {rPois Str+3}
rPois   +            A - +1 helmet
rElec   +            S - +0 cloak
rCorr   .            N - +2 pair of gloves
SInv    +            C - +2 pair of boots of Amib {Str+5}
Will    +....        G - amulet "Coegrah" {+Inv rC+ Regen+}
Stlth   ++++++       d - +5 ring of evasion
HPRegen 1.24/turn    x - ring of Arrival {rElec Str+3 Dex+6}
MPRegen 0.25/turn

%: no passive effects
@: mighty, heroic, flying, studying Throwing
A: fangs 1, strong nose, distributed training
}: 1/15 runes: serpentine
a: Renounce Religion, Evoke Invisibility, Heroism, Finesse


You were on level 4 of the Swamp.
You worshipped Okawaru.
Okawaru was greatly pleased with you.
You visited 6 branches of the dungeon, and saw 31 of its levels.
You also visited: Bailey.

You collected 3771 gold pieces.
You spent 2260 gold pieces at shops.

Inventory:

Hand Weapons
 m - the +8 morningstar "Urhethri" {spect, +Blink Stlth+}
   (You bought it in a shop on level 2 of the Orcish Mines)

   +Blink:    It lets you blink.
   Stlth+:    It makes you more stealthy.
 u - the +8 triple crossbow of Integrity {heavy, rElec}
   (Okawaru gifted it to you on level 11 of the Dungeon)

   rElec:     It insulates you from electricity.
 D - the +10 hand axe of the Gloaming (weapon) {pain, Fly Dex+2 SInv Stlth-}
   (You found it on level 7 of the Dungeon)

   Dex+2:     It affects your dexterity (+2).
   SInv:      It lets you see invisible.
   Fly:       It grants you flight.
   Stlth-:    It makes you less stealthy.
Missiles
 F - 10 curare-tipped darts
 J - 15 silver javelins
 V - 3 throwing nets
Armour
 p - the +1 leather armour of Good Intentions (worn) {rPois Str+3}
   (You found it on level 4 of the Dungeon)

   Str+3:     It affects your strength (+3).
   rPois:     It protects you from poison
 z - a +0 buckler
 A - a +1 helmet (worn)
 C - the +2 pair of boots of Amib (worn) {Str+5}
   (You found it on level 12 of the Dungeon)

   Str+5:     It affects your strength (+5).
 K - a +2 kite shield
 N - a +2 pair of gloves (worn)
 S - a +0 cloak (worn)
 Y - the +3 ring mail "Ziff" {+Blink rC+}
   (You took it off a salamander on level 4 of the Snake Pit)

   rC+:       It protects you from cold.
   +Blink:    It lets you blink.
Jewellery
 d - a +5 ring of evasion (left hand)
 h - a ring of protection from cold
 x - the ring of Arrival (right hand) {rElec Str+3 Dex+6}
   (You bought it in a shop on level 1 of the Orcish Mines)

   [ring of dexterity]

   Str+3:     It affects your strength (+3).
   Dex+6:     It affects your dexterity (+6).
   rElec:     It insulates you from electricity.
 G - the amulet "Coegrah" (around neck) {+Inv rC+ Regen+}
   (You bought it in a shop on level 1 of the Orcish Mines)

   [amulet of regeneration]

   rC+:       It protects you from cold.
   +Inv:      It lets you turn invisible.
   Regen+:    It increases your rate of health regeneration.
Wands
 w - a wand of mindburst (39)
 B - a wand of flame (132)
 M - a wand of polymorph (14)
 Q - a wand of digging (8)
 Z - a wand of roots (27)
Scrolls
 a - 3 scrolls of enchant weapon
 e - 3 scrolls of fog {unknown}
 f - 9 scrolls of fear {unknown}
 g - 5 scrolls of revelation {unknown}
 i - 16 scrolls of teleportation
 k - 4 scrolls of amnesia {unknown}
 n - 5 scrolls of immolation {unknown}
 o - 4 scrolls of vulnerability
 v - 3 scrolls of noise
 y - 2 scrolls of torment
 E - 3 scrolls of enchant armour
 H - 9 scrolls of blinking {unknown}
 P - 3 scrolls of poison
 T - 2 scrolls of brand weapon
 X - a scroll of silence
Potions
 b - 8 potions of magic
 c - 5 potions of heal wounds
 j - 3 potions of enlightenment
 l - 16 potions of curing
 q - 2 potions of resistance
 r - 6 potions of might
 s - 3 potions of lignification
 t - a potion of invisibility
 I - a potion of berserk rage
 L - 7 potions of haste
 O - 3 potions of attraction
 U - 3 potions of brilliance
 W - 7 potions of ambrosia


   Skills:
 + Level 13.3(18.3) Fighting
 + Level 13.3(18.3) Short Blades
 + Level 13.3(18.3) Long Blades
 + Level 13.3(18.3) Axes
 + Level 13.3(18.3) Maces & Flails
 + Level 13.3(18.3) Polearms
 + Level 13.3(18.3) Staves
 + Level 13.3(18.3) Ranged Weapons
 + Level 15.5(20.5) Throwing
 + Level 13.3(18.3) Armour
 + Level 14.0(19.0) Dodging
 + Level 13.9(18.9) Stealth
 + Level 13.3(18.3) Shields
 + Level 13.3(18.3) Unarmed Combat
 + Level 14.1 Spellcasting
 + Level 11.3 Conjurations
 + Level 11.3 Hexes
 + Level 11.3 Summonings
 + Level 11.3 Necromancy
 + Level 11.3 Translocations
 + Level 11.3 Transmutations
 + Level 11.3 Fire Magic
 + Level 13.2 Ice Magic
 + Level 11.3 Air Magic
 + Level 11.3 Earth Magic
 + Level 11.3 Poison Magic
 + Level 14.4 Invocations
 + Level 13.3 Evocations
 + Level 12.2 Shapeshifting


You had 30 spell levels left.
You knew the following spells:

 Your Spells              Type           Power      Damage    Failure   Level
a - Freeze                Ice            100%       1d10      1%          1
b - Frozen Ramparts       Ice            100%       1d16      1%          3
c - Ozocubu's Armour      Ice            61%        N/A       1%          3
d - Hailstorm             Conj/Ice       58%        3d13      1%          3
e - Summon Ice Beast      Ice/Summ       58%        N/A       1%          4
f - Wereblood             Tmut           56%        N/A       1%          2

Your spell library contained the following spells:

 Spells                   Type           Power      Damage    Failure   Level
 Kiss of Death            Conj/Necr      100%       2d13      1%          1
 Magic Dart               Conj           100%       1d8       1%          1
 Necrotise                Necr           100%       1d9       1%          1
 Shock                    Conj/Air       100%       1d9       1%          1
 Blink                    Tloc           100%       N/A       1%          2
 Ensorcelled Hibernation  Hex/Ice        100%       N/A       1%          2
 Lesser Beckoning         Tloc           100%       N/A       1%          2
 Momentum Strike          Conj/Tloc      100%       3d10      1%          2
 Passwall                 Tmut/Erth      46%        N/A       1%          2
 Poisonous Vapours        Pois/Air       100%       N/A       1%          2
 Searing Ray              Conj           100%       2d8       1%          2
 Sublimation of Blood     Necr           56%        N/A       1%          2
 Confusing Touch          Hex            56%        N/A       1%          3
 Gell's Gravitas          Tloc           56%        N/A       1%          3
 Mephitic Cloud           Conj/Pois/Air  56%        N/A       1%          3
 Swiftness                Air            56%        N/A       1%          3
 Teleport Other           Tloc           56%        N/A       1%          3
 Vampiric Draining        Necr           56%        2d10      1%          3
 Airstrike                Air            28%        2d(4-20)  1%          4
 Dispel Undead            Necr           56%        3d20      1%          4
 Fulminant Prism          Conj/Hex       28%        3d14      1%          4
 Manifold Assault         Tloc           56%        N/A       1%          4
 Passage of Golubria      Tloc           56%        N/A       1%          4
 Petrify                  Tmut/Erth      56%        N/A       1%          4
 Agony                    Necr           56%        N/A       1%          5
 Freezing Cloud           Conj/Ice/Air   29%        6-21      1%          5
 Iskenderun's Battlesphe  Conj           56%        2d11      1%          5
 Metabolic Englaciation   Hex/Ice        29%        N/A       1%          5
 Silence                  Hex/Air        28%        N/A       1%          5
 Yara's Violent Unravell  Hex/Tmut       28%        3d12      1%          5
 Bombard                  Conj/Erth      28%        9d5       8%          6
 Dispersal                Tloc           28%        N/A       8%          6
 Eringya's Noxious Bog    Tmut/Pois      28%        4d6       8%          6
 Ozocubu's Refrigeration  Ice            30%        4d14      19%         7
 Disjunction              Tloc           28%        N/A       97%         8
 Lehudib's Crystal Spear  Conj/Erth      28%        10d7      97%         8
 Tukima's Dance           Hex            Unusable   N/A       N/A         3
 Summon Forest            Summ/Tloc      Unusable   N/A       N/A         5
 Spellforged Servitor     Conj/Summ      Unusable   N/A       N/A         7
 Summon Hydra             Summ           Unusable   N/A       N/A         7

Dungeon Overview and Level Annotations

Branches:
Dungeon (15/15)            Temple (1/1) D:4            Lair (5/5) D:10
  Swamp (4/4) Lair:3        Snake (4/4) Lair:2        Slime (0/5) Lair:5
    Orc (2/2) D:12            Elf (0/3) Orc:2        Vaults (0/5) D:14
 Depths (0/4) D:15         Bailey (visited)

Altars:
Ashenzari
Cheibriados
Dithmenos
Elyvilon
Fedhas
Gozag
Hepliaklqana
Kikubaaqudgha
Makhleb
Nemelex Xobeh
Okawaru
Qazlal
Ru
Sif Muna
Trog
Uskayaw
Vehumet
Wu Jian
Xom
Yredelemnul
Zin
The Shining One
Jiyva

Shops:
D:2 :   D:11 :   D:15 (   Orc:1 =   Orc:2 !:(*   Snake:1 :   Snake:3 *

Portals:
Trove: D:12 (give 4 scrolls of blinking)


Innate Abilities, Weirdness & Mutations

You have very sharp teeth.
Your uncanny sense of smell can sniff out nearby items.
Your experience applies equally to all skills.


Message History

You feel very mighty all of a sudden.
The bunyip howls a warning cry!
The will-o-the-wisp gestures.
The will-o-the-wisp conjures some marshlight!
You hear a hideous shriek! 2 foxfires come into view.
Unknown command.
Unknown command.
Unknown command.
You slash the bunyip!
The bunyip writhes in agony!
You bite the bunyip, but do no damage.
The bunyip is severely wounded.
You slash the bunyip!
The bunyip writhes in agony!
Unknown command.
Unknown command.
You hit the bunyip.
The bunyip writhes in agony.
You bite the bunyip.
The bunyip is heavily wounded.
You hit the bunyip.
The bunyip writhes in agony.
The foxfire hits you!!
* * * LOW HITPOINT WARNING * * *
The bunyip barely misses you. The bunyip completely misses you. x2
The will-o-the-wisp gestures.
The will-o-the-wisp conjures some marshlight!
The bunyip claws you!
* * * LOW HITPOINT WARNING * * *
The bunyip misses you. x2; The foxfire hits you!
* * * LOW HITPOINT WARNING * * *
2 foxfires come into view.
Unknown command.
You feel much better. The bunyip barely misses you.
The bunyip completely misses you. The bunyip closely misses you.
The foxfire moves out of view.
Unknown command.
Unknown command.
Unknown command.
You slash the bunyip!
The bunyip writhes in agony.
The bunyip is lightly wounded.
You slice the bunyip!!
You kill the bunyip!
Okawaru accepts your kill.
You slash the bunyip!
The bunyip writhes in agony!
The foxfire hits you!!
You die...

~♣..~§.....
.~.....~~♣
♣†..v~§~♣
♣♣~...§~♣
♣♣..§..§♣
♣..§§.§.♣
♣.§§x§.♣ ♣♣@x§~♣
♣.°v°.♣
♣♣..♣.♣♣∆
♣♣♣♣..♣
♣♣.~♣♣♣♣♣♣♣♣
♣~§.♣.~.~~.♣
♣♣♣♣♣.[....~~§.
♣♣~♣♣♣♣)[..~~~..
♣~....♣♣[~.♣♣♣♣


You could see 2 bunyips and a will-o-the-wisp.

Vanquished Creatures
  Nikola (Snake:4)
  A tentacled monstrosity (Swamp:4)
  Rupert (D:11)
  Jorgrun (D:12)
  Mlioglotl (Swamp:3)
  A thorn hunter (Swamp:4)
  Kirke (Lair:5)
  Agnes (Lair:2)
  8 nagarajas
  Aizul (Snake:2)
  2 fenstrider witches
  Louise (D:15)
  2 orc warlords
  5 eleionomae
  8 bunyips
  Snorg (Orc:2)
  Josephine (D:12)
  A quicksilver dragon skeleton (D:15)
  A shambling mangrove (Swamp:4)
  2 vault guards (D:14)
  Harold (Lair:2)
  26 hydras
  15 alligators
  5 anacondas
  8 two-headed ogres
  4 centaur warriors
  A boulder beetle (Lair:1)
  Erica (Lair:2)
  16 naga warriors
  A vampire mage (D:15)
  Urug (D:12)
  A tengu warrior (D:13)
  6 orc high priests (Orc:2)
  21 naga sharpshooters
  5 shock serpents
  Amaemon (Lair:2)
  A storm dragon zombie (D:15)
  9 skeletal warriors
  3 skysharks
  2 salamander mystics
  13 swamp dragons
  10 sea snakes
  3 goliath frogs
  4 wizards
  4 spriggan druids
  3 bog bodies
  7 orc knights
  4 deep elf pyromancers
  7 naga ritualists
  3 necromancers
  12 mana vipers
  16 ugly things
  4 orc sorcerers (Orc:2)
  A fire giant zombie (D:15)
  14 salamanders
  A shadow dragon skeleton (D:15)
  6 cyclopes
  3 manticores
  8 will-o-the-wisps
  5 guardian serpents
  33 black mambas
  15 naga magi
  2 gargoyles
  30 cane toads
  An orange demon (Lair:2)
  2 unseen horrors (D:11)
  Psyche (D:9)
  4 rime drakes
  Maggie (D:8)
  3 yaktaurs (D:15)
  A tengu conjurer (D:13)
  8 komodo dragons
  An efreet (D:14)
  3 meliai (D:13)
  A wind drake (shapeshifter) (D:14)
  8 trolls
  8 tyrant leeches
  A queen bee (Lair:2)
  19 blink frogs
  A raiju (shapeshifter) (D:15)
  7 hornets
  5 dream sheep (Lair:5)
  2 shadows (D:11)
  3 slime creatures
  2 water elementals (D:15)
  7 wraiths
  10 spriggans
  54 yaks
  2 vampires
  5 basilisks
  A hog (Lair:5)
  4 wyverns
  22 humans
  2 steam dragons
  12 vampire mosquitoes
  Menkaure (D:5)
  3 wargs (Orc:2)
  55 nagas
  9 swamp worms
  3 acid dragons
  9 water moccasins
  A floating eye (D:11)
  2 sky beasts
  45 orc warriors
  9 swamp drakes
  5 black bears
  10 ogres
  14 wolves
  14 boggarts
  5 centaurs
  A phantom (D:5)
  4 kobold brigands
  A scorpion (D:6)
  20 bullfrogs
  3 gnoll sergeants
  8 wights
  36 killer bees
  4 electric eels
  3 howler monkeys
  6 crimson imps (D:7)
  4 hounds
  33 orc priests
  A gnoll bouda (D:6)
  3 jellies
  2 sleepcaps
  18 orc wizards
  2 iguanas
  10 adders
  29 gnolls
  A shadow imp (D:8)
  4 white imps
  2 worms
  3 dart slugs
  86 orcs
  6 bats
  6 endoplasms
  2 giant cockroaches
  13 goblins
  11 hobgoblins
  2 jackals (D:3)
  32 kobolds
  2 quokkas
  3 ball pythons
  2 rats (D:1)
1126 creatures vanquished.

Vanquished Creatures (others)
  A spriggan druid (Swamp:2)
  A black mamba (Snake:4)
  4 bloated husks
  A kobold (D:9)
  26 foxfires
33 creatures vanquished.

Grand Total: 1159 creatures vanquished

Notes
Turn   | Place    | Note
-------+----------+-------------------------------------------
     0 | D:1      | gruber the Gnoll Ice Elementalist began the quest for the
                  | Orb.
     0 | D:1      | Reached XP level 1. HP: 13/13 MP: 6/6
    68 | D:1      | Reached XP level 2. HP: 20/20 MP: 4/7
   126 | D:1      | Found a faded altar of an unknown god.
   419 | D:1      | Reached skill level 5 in Spellcasting
   419 | D:1      | Reached XP level 3. HP: 13/25 MP: 0/9
   423 | D:1      | Learned a level 3 spell: Frozen Ramparts
   427 | D:1      | Learned a level 3 spell: Ozocubu's Armour
   576 | D:1      | Reached skill level 1 in Invocations
   687 | D:2      | Reached skill level 1 in Fighting
   687 | D:2      | Reached skill level 1 in Short Blades
   687 | D:2      | Reached skill level 1 in Long Blades
   687 | D:2      | Reached skill level 1 in Axes
   687 | D:2      | Reached skill level 1 in Maces & Flails
   687 | D:2      | Reached skill level 1 in Polearms
   687 | D:2      | Reached skill level 1 in Staves
   687 | D:2      | Reached skill level 1 in Ranged Weapons
   687 | D:2      | Reached skill level 1 in Throwing
   687 | D:2      | Reached skill level 1 in Armour
   687 | D:2      | Reached skill level 1 in Shields
   687 | D:2      | Reached skill level 1 in Unarmed Combat
   687 | D:2      | Reached skill level 1 in Evocations
   809 | D:2      | Found Byennen's Book Emporium.
  1082 | D:2      | Reached XP level 4. HP: 32/32 MP: 11/11
  1218 | D:3      | Reached skill level 1 in Shapeshifting
  1582 | D:3      | Reached skill level 1 in Conjurations
  1582 | D:3      | Reached skill level 1 in Hexes
  1582 | D:3      | Reached skill level 1 in Summonings
  1582 | D:3      | Reached skill level 1 in Necromancy
  1582 | D:3      | Reached skill level 1 in Translocations
  1582 | D:3      | Reached skill level 1 in Transmutations
  1582 | D:3      | Reached skill level 1 in Fire Magic
  1582 | D:3      | Reached skill level 1 in Air Magic
  1582 | D:3      | Reached skill level 1 in Earth Magic
  1582 | D:3      | Reached skill level 1 in Poison Magic
  1812 | D:3      | Reached XP level 5. HP: 31/37 MP: 5/12
  2087 | D:4      | Identified the +1 leather armour of Good Intentions {rPois
                  | Str+3}
  2171 | D:4      | Noticed a phantom
  2406 | D:4      | Found a white marble altar of Elyvilon.
  2536 | D:4      | Reached XP level 6. HP: 42/44 MP: 13/13
  2540 | D:4      | Learned a level 3 spell: Hailstorm
  2830 | D:4      | Learned a level 4 spell: Summon Ice Beast
  2933 | D:4      | Found a staircase to the Ecumenical Temple.
  3082 | Temple   | Entered the Ecumenical Temple
  3099 | Temple   | Became a worshipper of Warmaster Okawaru
  3158 | D:5      | Entered Level 5 of the Dungeon
  3168 | D:5      | Noticed Menkaure
  3182 | D:5      | Killed Menkaure
  3183 | D:5      | Reached skill level 2 in Throwing
  3183 | D:5      | Reached skill level 5 in Dodging
  3301 | D:5      | Found a stormy altar of Qazlal.
  3749 | D:5      | Reached XP level 7. HP: 50/50 MP: 9/15
  3750 | D:5      | Reached * piety under Okawaru
  4129 | D:5      | Found a glowing silver altar of Zin.
  4559 | D:6      | Reached skill level 5 in Stealth
  4794 | D:6      | Reached XP level 8. HP: 55/57 MP: 10/16
  4816 | D:6      | Reached skill level 3 in Throwing
  4932 | D:6      | Reached ** piety under Okawaru
  5812 | D:7      | Reached XP level 9. HP: 65/65 MP: 14/18
  5842 | D:7      | Found a flagged portal.
  6005 | D:7      | Reached *** piety under Okawaru
  6006 | D:7      | Reached skill level 4 in Throwing
  6278 | D:7      | Identified the +10 hand axe of the Gloaming {pain, Fly
                  | Dex+2 SInv Stlth-}
  6284 | Bailey   | Entered a bailey
  6289 | Bailey   | Noticed an orc warlord
  6371 | Bailey   | Noticed an orc knight
  6381 | Bailey   | Killed an orc knight
  6382 | Bailey   | Reached skill level 5 in Invocations
  6478 | Bailey   | Found a runed translucent gate.
  6479 | Bailey   | Found a runed translucent gate.
  6480 | Bailey   | Found a runed translucent gate.
  6727 | Bailey   | Killed an orc warlord
  6727 | Bailey   | Reached **** piety under Okawaru
  6728 | Bailey   | Reached skill level 5 in Fighting
  6728 | Bailey   | Reached skill level 5 in Short Blades
  6728 | Bailey   | Reached skill level 5 in Long Blades
  6728 | Bailey   | Reached skill level 5 in Axes
  6728 | Bailey   | Reached skill level 5 in Maces & Flails
  6728 | Bailey   | Reached skill level 5 in Polearms
  6728 | Bailey   | Reached skill level 5 in Staves
  6728 | Bailey   | Reached skill level 5 in Ranged Weapons
  6728 | Bailey   | Reached skill level 5 in Throwing
  6728 | Bailey   | Reached skill level 5 in Armour
  6728 | Bailey   | Reached skill level 5 in Shields
  6728 | Bailey   | Reached skill level 5 in Unarmed Combat
  6728 | Bailey   | Reached skill level 5 in Evocations
  6728 | Bailey   | Reached XP level 10. HP: 36/74 MP: 9/20
  7046 | D:8      | Noticed Maggie
  7056 | D:8      | Killed Maggie
  7116 | D:8      | Noticed a manticore
  7133 | D:8      | Killed a manticore
  7133 | D:8      | Reached ***** piety under Okawaru
  7436 | D:8      | Reached skill level 5 in Shapeshifting
  7545 | D:8      | Found a bloodstained altar of Trog.
  8367 | D:9      | Received a gift from Okawaru
  8373 | D:9      | Reached XP level 11. HP: 81/81 MP: 17/22
  8418 | D:9      | Noticed Psyche
  8435 | D:9      | Reached skill level 6 in Throwing
  8435 | D:9      | Reached skill level 5 in Conjurations
  8435 | D:9      | Reached skill level 5 in Hexes
  8435 | D:9      | Reached skill level 5 in Summonings
  8435 | D:9      | Reached skill level 5 in Necromancy
  8435 | D:9      | Reached skill level 5 in Translocations
  8435 | D:9      | Reached skill level 5 in Transmutations
  8435 | D:9      | Reached skill level 5 in Fire Magic
  8435 | D:9      | Reached skill level 5 in Air Magic
  8435 | D:9      | Reached skill level 5 in Earth Magic
  8435 | D:9      | Reached skill level 5 in Poison Magic
  8476 | D:9      | Killed Psyche
  8651 | D:9      | Noticed a two-headed ogre
  8668 | D:9      | Killed a two-headed ogre
  9116 | D:10     | Entered Level 10 of the Dungeon
  9211 | D:10     | Received a gift from Okawaru
  9311 | D:10     | Found a burning altar of Makhleb.
  9504 | D:10     | Found a basalt altar of Yredelemnul.
  9506 | D:10     | Found an ornate altar of the Wu Jian Council.
  9594 | D:10     | Found a staircase to the Lair.
  9691 | D:10     | Found a shimmering blue altar of Sif Muna.
  9752 | D:11     | Noticed a cyclops
  9757 | D:11     | Noticed a two-headed ogre
  9758 | D:11     | Noticed a cyclops
  9760 | D:11     | Killed a cyclops
  9766 | D:11     | Killed a two-headed ogre
  9770 | D:11     | Killed a cyclops
  9774 | D:11     | Reached ****** piety under Okawaru
  9794 | D:11     | Noticed a two-headed ogre
  9801 | D:11     | Killed a two-headed ogre
  9801 | D:11     | Received a gift from Okawaru
  9875 | D:11     | Reached XP level 12. HP: 89/89 MP: 15/24
  9931 | D:11     | Reached skill level 7 in Throwing
  9984 | D:11     | Identified the +3 flail of Fate {heavy, Int+2}
 10484 | D:11     | Noticed a two-headed ogre
 10488 | D:11     | Killed a two-headed ogre
 10488 | D:11     | Received a gift from Okawaru
 10809 | D:11     | Found Aguunel's Book Shop.
 11029 | Lair:1   | Entered Level 1 of the Lair of Beasts
 11492 | Lair:1   | Noticed a boulder beetle
 11503 | Lair:1   | Received a gift from Okawaru
 11518 | Lair:1   | Killed a boulder beetle
 12288 | Lair:2   | Reached skill level 8 in Throwing
 12288 | Lair:2   | Reached XP level 13. HP: 98/98 MP: 14/26
 12311 | Lair:2   | Received a gift from Okawaru
 12561 | Lair:2   | Noticed Harold
 12582 | Lair:2   | Killed Harold
 12590 | Lair:2   | Reached skill level 10 in Ice Magic
 13133 | Lair:2   | Found a staircase to the Snake Pit.
 13146 | Lair:2   | Noticed Erica
 13158 | Lair:2   | Killed Erica
 13215 | Lair:2   | Noticed Amaemon
 13486 | Lair:2   | Received a gift from Okawaru
 13644 | Lair:2   | Killed Amaemon
 13645 | Lair:2   | Reached skill level 10 in Spellcasting
 14038 | Lair:3   | Acquired 1142 gold pieces
 14220 | Lair:3   | Received a gift from Okawaru
 14222 | Lair:3   | Reached skill level 10 in Dodging
 14397 | Lair:3   | Found a staircase to the Swamp.
 14397 | Lair:3   | Noticed an eleionoma
 14915 | Lair:3   | Killed an eleionoma
 14916 | Lair:3   | Reached skill level 9 in Throwing
 14916 | Lair:3   | Reached XP level 14. HP: 69/108 MP: 19/28
 15315 | Lair:4   | Reached skill level 10 in Stealth
 15410 | Lair:4   | Found a frozen archway.
 15463 | Lair:4   | Identified the +6 hand axe of the Boiling Point {heavy,
                  | +Blink Str-5 Dex+4 SInv}
 15975 | Lair:5   | Entered Level 5 of the Lair of Beasts
 16002 | Lair:5   | Received a gift from Okawaru
 16151 | Lair:5   | Reached skill level 10 in Invocations
 16475 | Lair:5   | Learned a level 2 spell: Wereblood
 16575 | Lair:5   | Received a gift from Okawaru
 17100 | Lair:5   | Received a gift from Okawaru
 17170 | Lair:5   | Found a staircase to the Slime Pits.
 17170 | Lair:5   | Found a viscous altar of Jiyva.
 17340 | Lair:5   | Noticed Kirke
 17354 | Lair:5   | Killed Kirke
 17992 | D:12     | Noticed Rupert
 18014 | D:11     | Killed Rupert
 18256 | D:12     | Noticed Urug
 18267 | D:12     | Killed Urug
 18267 | D:12     | Received a gift from Okawaru
 18331 | D:12     | Noticed Josephine
 18434 | D:11     | Upgraded the game from 0.31-a0-803-g95b03c3367 to
                  | 0.31-a0-816-gd61d57ddb1
 18434 | D:11     | Acquired the +8 triple crossbow of Integrity {heavy, rElec}
 18434 | D:11     | Received a gift from Okawaru
 18435 | D:11     | Acquired a +1 pair of boots of rampaging
 18435 | D:11     | Received a gift from Okawaru
 18471 | D:12     | Killed Josephine
 18472 | D:12     | Reached XP level 15. HP: 95/114 MP: 28/30
 18555 | D:12     | Identified the +2 pair of boots of Amib {Str+5}
 18621 | D:12     | Found a portal to a secret trove of treasure.
 18712 | D:12     | Found a staircase to the Orcish Mines.
 19000 | D:12     | Noticed Jorgrun
 19027 | D:12     | Killed Jorgrun
 19279 | D:13     | Reached skill level 10 in Fighting
 19279 | D:13     | Reached skill level 10 in Short Blades
 19279 | D:13     | Reached skill level 10 in Long Blades
 19279 | D:13     | Reached skill level 10 in Axes
 19279 | D:13     | Reached skill level 10 in Maces & Flails
 19279 | D:13     | Reached skill level 10 in Polearms
 19279 | D:13     | Reached skill level 10 in Staves
 19279 | D:13     | Reached skill level 10 in Ranged Weapons
 19279 | D:13     | Reached skill level 10 in Throwing
 19279 | D:13     | Reached skill level 10 in Armour
 19279 | D:13     | Reached skill level 10 in Shields
 19279 | D:13     | Reached skill level 10 in Unarmed Combat
 19279 | D:13     | Reached skill level 10 in Evocations
 19841 | D:13     | Received a gift from Okawaru
 20372 | Orc:1    | Entered Level 1 of the Orcish Mines
 20504 | Orc:2    | Entered Level 2 of the Orcish Mines
 20905 | Orc:1    | Found Wiyt's Jewellery Shop.
 20913 | Orc:1    | Bought the ring of Arrival {rElec Str+3 Dex+6} for 788 gold
                  | pieces
 20913 | Orc:1    | Bought the amulet "Coegrah" {+Inv rC+ Regen+} for 714 gold
                  | pieces
 21315 | Orc:2    | Received a gift from Okawaru
 21402 | Orc:2    | Found Fibliudell's Assorted Antiques.
 21437 | Orc:2    | Bought a faintly humming ring mail for 342 gold pieces
 21437 | Orc:2    | Identified the +5 ring mail of the Guild-Master {+Inv rF+
                  | Dex-4} (You bought it in a shop on level 2 of the Orcish
                  | Mines)
 21445 | Orc:2    | Found Boitoir's Antique Weapon Shop.
 21478 | Orc:2    | Bought a translucent morningstar for 207 gold pieces
 21478 | Orc:2    | Identified the +8 morningstar "Urhethri" {spect, +Blink
                  | Stlth+} (You bought it in a shop on level 2 of the Orcish
                  | Mines)
 21478 | Orc:2    | Bought a slimy trident for 195 gold pieces
 21478 | Orc:2    | Identified the +1 trident of Valiance {drain, Int+4 Stlth+}
                  | (You bought it in a shop on level 2 of the Orcish Mines)
 21670 | Orc:2    | Noticed Snorg
 21684 | Orc:2    | Killed Snorg
 22043 | Orc:2    | Found a staircase to the Elven Halls.
 22131 | Orc:2    | Found Xeatwam's Book Shoppe.
 22224 | Orc:2    | Noticed an orc warlord
 22252 | Orc:2    | Killed an orc warlord
 22411 | Orc:2    | Received a gift from Okawaru
 22516 | Orc:2    | Found Raicevoa's Distillery.
 22524 | Orc:2    | Bought a potion of degeneration for 14 gold pieces
 22871 | Snake:1  | Entered Level 1 of the Snake Pit
 22874 | Snake:1  | Noticed Agnes
 22897 | Lair:2   | Killed Agnes
 23204 | Snake:1  | Reached skill level 11 in Throwing
 23236 | Snake:1  | Reached XP level 16. HP: 116/124 MP: 19/31
 23243 | Snake:1  | Received a gift from Okawaru
 23705 | Snake:1  | Reached skill level 10 in Shapeshifting
 23755 | Snake:1  | Found Sorhecium's Tiny Tomes.
 24983 | Snake:2  | Received a gift from Okawaru
 25274 | Snake:2  | Noticed Aizul
 25352 | Snake:2  | Killed Aizul
 25561 | Snake:2  | Upgraded the game from 0.31-a0-816-gd61d57ddb1 to
                  | 0.31-a0-844-gdc52ec4e09
 25615 | Snake:3  | Reached skill level 12 in Throwing
 25783 | Snake:3  | Noticed a nagaraja
 25802 | Snake:3  | Killed a nagaraja
 25932 | Snake:3  | Found Fynimpea's Gadget Gallery.
 26013 | Snake:3  | Received a gift from Okawaru
 26661 | Snake:3  | Reached XP level 17. HP: 64/131 MP: 33/33
 26999 | Snake:3  | Received a gift from Okawaru
 27228 | Snake:4  | Entered Level 4 of the Snake Pit
 27792 | Snake:4  | Reached skill level 13 in Throwing
 27792 | Snake:4  | Reached skill level 10 in Conjurations
 27792 | Snake:4  | Reached skill level 10 in Hexes
 27792 | Snake:4  | Reached skill level 10 in Summonings
 27792 | Snake:4  | Reached skill level 10 in Necromancy
 27792 | Snake:4  | Reached skill level 10 in Translocations
 27792 | Snake:4  | Reached skill level 10 in Transmutations
 27792 | Snake:4  | Reached skill level 10 in Fire Magic
 27792 | Snake:4  | Reached skill level 10 in Air Magic
 27792 | Snake:4  | Reached skill level 10 in Earth Magic
 27792 | Snake:4  | Reached skill level 10 in Poison Magic
 27986 | Snake:4  | Noticed Nikola
 28002 | Snake:4  | Killed Nikola
 28138 | Snake:4  | Received a gift from Okawaru
 28498 | Snake:4  | Identified the +3 ring mail "Ziff" {+Blink rC+}
 28794 | Snake:4  | Received a gift from Okawaru
 28825 | Snake:4  | Got a serpentine rune of Zot
 29089 | Swamp:1  | Entered Level 1 of the Swamp
 29564 | Swamp:1  | Received a gift from Okawaru
 29565 | Swamp:1  | Reached XP level 18. HP: 127/140 MP: 35/35
 29756 | Swamp:2  | Reached skill level 14 in Throwing
 30194 | Swamp:2  | Found a sacrificial altar of Ru.
 30511 | Swamp:3  | Received a gift from Okawaru
 30546 | Swamp:3  | Noticed Mlioglotl
 30559 | Swamp:3  | Killed Mlioglotl
 31689 | D:14     | Found a gate to the Vaults.
 31908 | D:14     | Found an ancient bone altar of Kikubaaqudgha.
 32208 | D:15     | Entered Level 15 of the Dungeon
 32282 | D:15     | Found Amaloase's Antique Weapon Boutique.
 32320 | D:15     | Noticed Louise
 32324 | D:15     | Killed Louise
 32571 | D:15     | Found a staircase to the Depths.
 32592 | D:15     | Reached skill level 15 in Throwing
 32728 | D:15     | Reached XP level 19. HP: 149/149 MP: 30/36
 32731 | D:15     | Received a gift from Okawaru
 33636 | Swamp:4  | Entered Level 4 of the Swamp
 34040 | Swamp:4  | Noticed a tentacled monstrosity
 34049 | Swamp:4  | Killed a tentacled monstrosity
 34141 | Swamp:4  | HP: 6/149 [will-o-the-wisp/foxfire (16)]
 34143 | Swamp:4  | Killed from afar by a will-o-the-wisp

Illustrated notes

Levels and vault maps discovered:
D:1:      dpeg_arrival_short_road, layout_rooms, basic_ecumenical_altar,
          chequers_garden
D:2:      layout_rooms, serial_shops, nicolae_shop_waterfront
D:3:      layout_basic
D:4:      minmay_chambers_of_threes, layout_layer_cave,
          nicolae_overflow_crystal_walls, minmay_temple_entry_enclosed_plants,
          kennysheep_generic_room_14
D:5:      layout_layer_cave, zin_academy, mainiacjoe_overflow_tiny_flanked,
          uniq_menkaure
D:6:      layout_basic
D:7:      layout_rooms, enter_bailey_2, minmay_nine_imps
D:8:      layout_loops_ring, general_overflow_altar, hangedman_decor_growths,
          minivault_19, uniq_maggie
D:9:      layout_small_grid, uniq_psyche
D:10:     layout_roguey, lemuel_round_altar, kennysheep_orc_sif_temple,
          nicolae_overflow_squiral, lair_entry_dummy
D:11:     layout_roguey, serial_shops, nicolae_shop_crystal, onia_ninara_cookie
D:12:     layout_rooms, orc_0_dummy, enter_trove_0, uniq_jorgrun,
          uniq_josephine, uniq_rupert, uniq_urug
D:13:     layout_basic
D:14:     layout_long_grid, grunt_vaults_entry_tiered, kiku_gazebo_pond_becter,
          chequers_serial_rivers_large_a
D:15:     gammafunk_depths_entry_grave, layout_basic, serial_shops, shop,
          minmay_misc_feat_alley, serial_bayou_ford_a, uniq_louise
Temple:   eino_temple_lava
Lair:1:   layout_hall_layers, minivault_24
Lair:2:   layout_roguey [special_room_bee], guppyfry_snake_entry_garden,
          chequers_serial_rivers_large_b, beast_lair_carwin_7, uniq_erica,
          uniq_amaemon, uniq_harold
Lair:3:   layout_chaotic_city, alex1729_swamp_entry_worm_eleionoma,
          hibernation_bobbens, grunt_megastairs_2
Lair:4:   layout_gridlike, portal_ice_cave_entry_pillars_1,
          kilobyte_rumbling_trees
Lair:5:   minmay_lair_end_frog_pond, layout_regular_city, slime_entry_1,
          chequers_serial_rivers_room_b, lemuel_fruit_tree, uniq_kirke
Swamp:1:  layout_falls_marsh, evilmike_swamp_ruin_rubble_1
Swamp:2:  layout_basic_swamp, basic_altar, nicolae_swamp_orc_logging_accident,
          swamp_pool1
Swamp:3:  layout_basic_swamp, evilmike_swamp_ruin_rubble_2,
          nicolae_swamp_spooky_pond, infiniplex_staircase_pool_2, uniq_mlioglotl
Swamp:4:  swamp, layout_basic_swamp, nicolae_swamp_bunyip_nook
Snake:1:  layout_layer_cave, nicolae_shop_i_like_small_books_too,
          serial_bayou_shore_a, uniq_agnes
Snake:2:  layout_basic, uniq_aizul
Snake:3:  nicolae_snake_shooting_gallery, layout_rooms, nicolae_shop_gadgets
Snake:4:  grunt_snake_rune_pools, layout_cave_town, uniq_nikola
Orc:1:    layout_caves, serial_shops, shop
Orc:2:    pubby_orc_utopia, serial_shops, uniq_snorg

Skill      XL: |  1  2  3  4  5  6  7  8  9 10 11 12 13 14 15 16 17 18 19 |
---------------+----------------------------------------------------------+-----
Spellcasting   | 5 6 7 8 9 10 11 12 13 14 | 14.1
Invocations    | 1 2 3 4 5 6 7 8 9 10 11 12 13 14 | 14.4
Fighting       | 1 2 3 5 6 8 9 10 11 12 13 | 13.3
Short Blades   | 1 2 3 5 6 8 9 10 11 12 13 | 13.3
Long Blades    | 1 2 3 5 6 8 9 10 11 12 13 | 13.3
Axes           | 1 2 3 5 6 8 9 10 11 12 13 | 13.3
Maces & Flails | 1 2 3 5 6 8 9 10 11 12 13 | 13.3
Polearms       | 1 2 3 5 6 8 9 10 11 12 13 | 13.3
Staves         | 1 2 3 5 6 8 9 10 11 12 13 | 13.3
Ranged Weapons | 1 2 3 5 6 8 9 10 11 12 13 | 13.3
Throwing       | 1 2 3 5 6 8 9 11 12 13 15 | 15.5
Armour         | 1 2 3 5 6 8 9 10 11 12 13 | 13.3
Shields        | 1 2 3 5 6 8 9 10 11 12 13 | 13.3
Unarmed Combat | 1 2 3 5 6 8 9 10 11 12 13 | 13.3
Evocations     | 1 2 3 5 6 8 9 10 11 12 13 | 13.3
Shapeshifting  | 1 2 3 4 5 6 7 8 9 10 11 12 | 12.2
Conjurations   | 1 2 3 4 5 6 7 8 9 10 11 | 11.3
Hexes          | 1 2 3 4 5 6 7 8 9 10 11 | 11.3
Summonings     | 1 2 3 4 5 6 7 8 9 10 11 | 11.3
Necromancy     | 1 2 3 4 5 6 7 8 9 10 11 | 11.3
Translocations | 1 2 3 4 5 6 7 8 9 10 11 | 11.3
Transmutations | 1 2 3 4 5 6 7 8 9 10 11 | 11.3
Fire Magic     | 1 2 3 4 5 6 7 8 9 10 11 | 11.3
Air Magic      | 1 2 3 4 5 6 7 8 9 10 11 | 11.3
Earth Magic    | 1 2 3 4 5 6 7 8 9 10 11 | 11.3
Poison Magic   | 1 2 3 4 5 6 7 8 9 10 11 | 11.3
Dodging        | 5 6 7 8 9 10 11 12 13 14 | 14.0
Stealth        | 5 6 7 8 9 10 11 12 13 | 13.9
Ice Magic      | 8 9 10 11 12 13 | 13.2

Action                     |  1- 3 |  4- 6 |  7- 9 | 10-12 | 13-15 | 16-18 | 19-21 || total
---------------------------+-------+-------+-------+-------+-------+-------+-------++-------
  Melee: Unarmed           |    13 |       |       |       |       |       |       ||    13
         War axe           |     1 |    42 |       |       |       |       |       ||    43
         Bite              |       |     2 |    18 |    45 |   139 |    66 |     3 ||   273
         Punch             |       |     2 |     1 |       |       |    17 |       ||    20
         Long sword        |       |    11 |   114 |       |       |       |       ||   125
         Hand axe          |       |       |    33 |   350 |  1002 |   405 |    16 ||  1806
   Fire: Triple crossbow   |       |       |       |       |       |   498 |   126 ||   624
  Throw: Dart              |       |       |     2 |       |       |       |       ||     2
   Cast: Freeze            |    43 |    33 |    34 |    23 |    52 |     4 |       ||   189
         Frozen Ramparts   |     1 |     7 |    32 |    42 |    77 |    61 |     2 ||   222
         Ozocubu's Armour  |       |     1 |    17 |    37 |    65 |    49 |     1 ||   170
         Hailstorm         |       |     3 |     3 |    16 |    48 |    32 |       ||   102
         Wereblood         |       |       |       |       |     1 |     5 |       ||     6
 Invoke: Heroism           |       |       |       |     2 |    15 |    22 |     5 ||    44
         Finesse           |       |       |       |       |     4 |     6 |     4 ||    14
         Receive Weapon    |       |       |       |       |     1 |       |       ||     1
         Receive Armour    |       |       |       |       |     1 |       |       ||     1
  Evoke: Wand              |       |       |     4 |       |     1 |       |       ||     5
    Use: Scroll            |       |       |       |       |    11 |    10 |     1 ||    22
         Potion            |       |       |       |       |     1 |     1 |     2 ||     4
   Stab: Sleeping          |       |     1 |     1 |     3 |    13 |     2 |       ||    20
         Distracted        |       |       |     1 |       |     2 |     1 |       ||     4
 Armour: Robe              |    21 |    25 |       |       |       |       |       ||    46
         Leather armour    |       |    12 |    71 |   144 |   351 |   443 |   127 ||  1148
  Dodge: Dodged            |    28 |    77 |   113 |   225 |   716 |   924 |   247 ||  2330
  Block: Other             |       |    12 |    26 |       |       |       |       ||    38
         Reflection        |       |       |     9 |    12 |     7 |       |       ||    28
         Buckler           |       |       |    35 |   185 |   488 |   125 |       ||   833

Table legend: (Time is in decaauts)
 A = Elapsed time spent in this place.
 B = Non-inter-level travel time spent in this place.
 C = Inter-level travel time spent in this place.
 D = Time resting spent in this place.
 E = Time spent auto-exploring this place.
 F = Levels seen in this place.
 G = Mean time per level.
                   A        B        C        D        E       F      G
               +--------+--------+--------+--------+--------+-----+--------+
         Total |  34782 |  32836 |   1946 |   1444 |  24259 |  32 | 1086.9 |
       Dungeon |  15475 |  14365 |   1110 |    272 |  11416 |  15 | 1031.7 |
        Temple |     26 |     17 |      9 |      0 |      0 |   1 |   26.0 |
          Lair |   7292 |   6820 |    472 |     69 |   5388 |   5 | 1458.4 |
         Swamp |   2944 |   2810 |    134 |    202 |   1786 |   4 |  736.0 |
     Snake Pit |   6143 |   5992 |    151 |    767 |   3677 |   4 | 1535.8 |
  Orcish Mines |   2309 |   2242 |     67 |     64 |   1632 |   2 | 1154.5 |
        Bailey |    589 |    589 |      0 |     70 |    358 |   1 |  589.0 |
               +--------+--------+--------+--------+--------+-----+--------+

Top non-repeatable levels by time:
 Snake:4: 1941 daAuts
   Orc:2: 1872 daAuts
  Lair:2: 1821 daAuts
  Lair:5: 1798 daAuts
    D:11: 1609 daAuts
 Snake:3: 1600 daAuts
  Lair:3: 1544 daAuts
     D:5: 1401 daAuts
 Snake:1: 1359 daAuts
  Lair:1: 1271 daAuts
 Snake:2: 1240 daAuts
    D:15: 1235 daAuts
    D:14: 1157 daAuts
     D:6: 1155 daAuts
    D:12: 1085 daAuts
